 Dungeon Crawl Stone Soup version 0.29.1-15-g9cfb28693d (webtiles) character file.

Game seed: 9910951795721414894

100 sampeng1 the Trooper (level 5, -11/42 HPs)
             Began as a Human Berserker on May 8, 2023.
             Was a Believer of Trog.
             Killed by divine providence
             ... invoked by an orc priest
              (15 damage)
             ... on level 3 of the Dungeon.
             The game lasted 00:12:49 (2877 turns).

sampeng1 the Trooper (Human Berserker)              Turns: 2877, Time: 00:12:50

Health: -11/42     AC: 12    Str: 20    XL:     5   Next: 3%
Magic:  5/5        EV: 11    Int:  7    God:    Trog [**....]
Gold:   86         SH:  0    Dex: 12    Spells: 4/4 levels left

rFire   + + +      SeeInvis .   b - +5 war axe of Forgiveness {protect, Contam rPois rF+++}
rCold   . . .      Faith    .   (no shield)
rNeg    . . .      Spirit   .   j - +0 ring mail
rPois   +          Reflect  .   (no helmet)
rElec   .          Harm     .   (no cloak)
rCorr   .          Rampage  .   (no gloves)
Will    ++...                   (no boots)
Stlth   +.........              (no amulet)
HPRegen 1.14/turn               (no ring)
MPRegen 0.09/turn               (no ring)

@: strong-willed, under a protective aura, regenerating
A: no striking features
a: Renounce Religion, Berserk, Trog's Hand


You were on level 3 of the Dungeon.
You worshipped Trog.
Trog was pleased with you.
You visited 1 branch of the dungeon, and saw 3 of its levels.

You collected 86 gold pieces.

Inventory:

Hand Weapons
 b - the +5 war axe of Forgiveness (weapon) {protect, Contam rPois rF+++}
   (You found it on level 2 of the Dungeon)

   It grants its wielder temporary protection when it strikes (+7 to AC).
   rF:        It renders you almost immune to fire.
   rPois:     It protects you from poison.
   Contam:    It causes magical contamination when unequipped.
 h - a +2 hand axe of electrocution
Armour
 f - a +0 cloak
 j - a +0 ring mail (worn)
Jewellery
 e - an amulet of the acrobat
Scrolls
 a - a scroll of magic mapping
 c - a scroll of poison {unknown}
Potions
 d - 2 potions of lignification {unknown}


   Skills:
 + Level 3.8 Fighting
 + Level 3.5(3.6) Axes
 - Level 0.9(2.3) Maces & Flails
 + Level 2.6 Armour
 + Level 2.7 Dodging
 - Level 0.4 Stealth


You had 4 spell levels left.
You didn't know any spells.
Your spell library was empty.

Dungeon Overview and Level Annotations

Branches:
Dungeon (3/15)

Altars:

Shops:
D:2 *


Message History

* * * LOW HITPOINT WARNING * * *
The orc priest barely misses you. The jackal bites you.
* * * LOW HITPOINT WARNING * * *
A jackal comes into view.
You barely miss the orc priest.
The orc priest is severely wounded.
You hit the orc priest. You closely miss the jackal.
You barely miss the jackal. You slash something! The jackal misses you.
The jackal closely misses you.
The orc priest begins to cast a cantrip, but forgets the words!
The orc priest looks encouraged for a moment.
Something hits you but does no damage. The jackal barely misses you.
The jackal bites you but does no damage.
Your skin crawls.
You feel strong-willed.
You can no longer call upon Trog for regeneration and willpower.
The orc priest hits you with a +0 hand axe.
* * * LOW HITPOINT WARNING * * *
You hear some strange, mumbled words.
Something tries to affect you, but you resist.
The orc priest hits you with a +1 flail of protection.
* * * LOW HITPOINT WARNING * * *
The jackal bites you but does no damage.
The jackal closely misses you.
You closely miss the orc priest.
The orc priest is severely wounded.
You hit something. You slash the orc priest!
You kill the orc priest!
Trog accepts your kill.
You barely miss the jackal. You slash the jackal!
You kill the jackal!
Trog accepts your kill.
You can now call upon Trog for regeneration and willpower.
You slash the jackal!
You kill the jackal!
Trog accepts your kill. Something hits you but does no damage.
The orc priest mumbles some strange prayers to Beogh against you.
Beogh smites you!
You die...

.. ... ...# .
..... .#
....$########.#
......h.......#
......†)h.....#
#....So@†.....#
#......)......#
..............#
..............#
.............##
..####+###'###
... #.##..# ...
####.....#
....#....#.#.#


You could see an orc priest, 2 jackals and a ball python.

Vanquished Creatures
  An orc priest (D:3)
  Crazy Yiuf (D:2)
  3 adders (D:2)
  A worm (D:2)
  3 orcs (D:3)
  2 ball pythons
  4 bats
  2 endoplasms
  5 goblins (D:2)
  3 hobgoblins
  2 jackals (D:3)
  2 quokkas (D:2)
  A frilled lizard (D:2)
  7 kobolds
  4 rats
41 creatures vanquished.

Vanquished Creatures (others)
  A fungus (D:2)
1 creature vanquished.

Grand Total: 42 creatures vanquished

Notes
Turn   | Place    | Note
-------+----------+-------------------------------------------
     0 | D:1      | sampeng1 the Human Berserker began the quest for the Orb.
     0 | D:1      | Reached XP level 1. HP: 18/18 MP: 1/1
   662 | D:1      | Reached XP level 2. HP: 24/24 MP: 2/2
  1035 | D:1      | You fall into a shaft and drop 1 floor!
  1248 | D:2      | Reached XP level 3. HP: 29/29 MP: 3/3
  1449 | D:2      | Found a faded altar of an unknown god.
  1614 | D:2      | Reached XP level 4. HP: 35/35 MP: 4/4
  1633 | D:2      | Reached ** piety under Trog
  1865 | D:2      | Found Heizumon's General Store.
  1972 | D:2      | Identified the +5 war axe of Forgiveness {protect, Contam
                  | rPois rF+++}
  2228 | D:2      | Found a runed translucent door.
  2229 | D:2      | Noticed Crazy Yiuf
  2238 | D:2      | Killed Crazy Yiuf
  2868 | D:3      | Reached XP level 5. HP: 25/42 MP: 5/5
  2877 | D:3      | Killed from afar by an orc priest

Illustrated notes

Levels and vault maps discovered:
D:1:      lemuel_arrival_river_bridge, layout_basic, hangedman_decor_push
D:2:      layout_loops_corners, serial_shops, nicolae_shop_behind_doors,
          shapermc_ecumenical_altar_ellora, kennysheep_small_spiral,
          uniq_crazy_yiuf_cottage
D:3:      layout_basic, gammafunk_ghost_arena, uniq_natasha

Action                   |  1- 3 |  4- 6 || total
-------------------------+-------+-------++-------
Melee: Hand axe          |    40 |    11 ||    51
       Whip              |    39 |     8 ||    47
       Punch             |     2 |       ||     2
       War axe           |       |    27 ||    27
Invok: Berserk           |       |     1 ||     1
       Trog's Hand       |       |     1 ||     1
  Use: Scroll            |     3 |     3 ||     6
       Potion            |     2 |       ||     2
 Stab: Sleeping          |     2 |       ||     2
Armor: Animal skin       |     5 |     6 ||    11
       Ring mail         |       |    18 ||    18
Dodge: Dodged            |    43 |    41 ||    84
